 Dungeon Crawl Stone Soup version 0.31-a0-1169-gd935f9fcdc (webtiles) character file.

Game seed: 2435208520296059775

124 Descartes the Ducker (level 4, 0/22 HPs)
             Began as a Felid Shapeshifter on Dec 10, 2023.
             Slain by Edmund
             ... wielding a +4 flail of protection
              (8 damage)
             ... on level 4 of the Dungeon.
             The game lasted 00:04:01 (2756 turns).

Descartes the Ducker (Felid Shapeshifter)           Turns: 2756, Time: 00:04:02

Health: 0/22       AC:  1    Str: 12    XL:     4   Next: 81%
Magic:  5/5        EV: 34    Int: 13    God:
Gold:   19         SH:  0    Dex: 16    Spells: 3/3 levels left
                                        Lives:  0   Deaths: 2

rFire   . .          .
                       - Unarmed
rCold   . . .        (shield unavailable)
rNeg    . . .        (body armour unavailable)
rPois   .            (helmet unavailable)
rElec   .            (cloak unavailable)
rCorr   .            (gloves unavailable)
SInv    +            (boots unavailable)
Will    .....        t - amulet of the acrobat
Stlth   +            (no ring)
HPRegen 0.23/turn    (no ring)
MPRegen 0.09/turn

%: acrobat
@: beast-form, acrobatic
A: beast (slay +2), very small, claws 1, fangs 3, see invisible, shaggy fur 1,
stealthy paws, no weapons or thrown items, no armour, multi-lived
a: Begin Untransformation


You were on level 4 of the Dungeon.
You were a hulking beast.
You visited 1 branch of the dungeon, and saw 4 of its levels.

You collected 110 gold pieces.
You spent 91 gold pieces at shops.

Inventory:

Jewellery
 d - an amulet of magic regeneration
 t - an amulet of the acrobat (around neck)
Talismans
 b - a beast talisman
 c - a flux talisman
Wands
 r - a wand of roots (12)
Scrolls
 g - a scroll of enchant armour {unknown}
 k - a scroll of blinking {unknown}
 l - 2 scrolls of identify {unknown}
 n - a scroll of noise {unknown}
 p - 3 scrolls of vulnerability {unknown}
 q - 2 scrolls of teleportation {unknown}
 s - a scroll of brand weapon {unknown}
 u - a scroll of fog {unknown}
Potions
 a - a potion of lignification
 e - a potion of enlightenment {unknown}
 f - 2 potions of ambrosia {unknown}
 h - 5 potions of curing {unknown}
 i - a potion of heal wounds {unknown}
 j - 4 potions of attraction {unknown}
 m - 2 potions of brilliance {unknown}
 o - a potion of haste {unknown}


   Skills:
 - Level 1.0 Fighting
 * Level 4.8 Dodging
 + Level 3.6 Unarmed Combat
 * Level 3.6 Shapeshifting


You had 3 spell levels left.
You didn't know any spells.
Your spell library contained the following spells:

 Spells                   Type           Power      Damage    Failure   Level
 Vhi's Electric Charge    Tloc/Air       0%         N/A       97%         4
 Arcjolt                  Conj/Air       0%         1d10      100%        5
 Plasma Beam              Fire/Air       0%         2x1d10    100%        6


Dungeon Overview and Level Annotations

Branches:
Dungeon (4/15)
 Temple: D:4-7

Altars:
Qazlal

Shops:
D:3 *

Annotations:
D:1 1 runed translucent door
D:2 1 runed translucent door, Crazy Yiuf
D:3 2 transporters, Nr616's ghost, amateur MiGl
D:4 Edmund


Innate Abilities, Weirdness & Mutations

You are a hulking beast.
Your limbs bulge with bestial killing power. (Slay +2)
You have sharp claws.
You have razor-sharp teeth.
You have supernaturally acute eyesight. (SInv)
You are covered in fur. (AC +1)
Your paws help you pounce on unaware monsters.
You are incapable of wielding weapons or throwing items.
You cannot wear armour.
You gain extra lives every three experience levels.


Message History

There is an open door here.
You scratch Edmund.
Edmund is lightly wounded.
Edmund hits you with a +4 flail of protection!
You closely miss Edmund. You bite Edmund, but do no damage.
Edmund is lightly wounded.
Edmund barely misses you.
You scratch Edmund. Your bite misses Edmund.
Edmund is lightly wounded.
Edmund closely misses you.
You closely miss Edmund.
Edmund is lightly wounded.
Edmund completely misses you.
You scratch Edmund but do no damage. You bite Edmund.
Edmund is moderately wounded.
Edmund closely misses you.
You scratch Edmund.
Edmund is moderately wounded.
Edmund barely misses you.
You scratch Edmund. You bite Edmund.
Edmund is heavily wounded.
Edmund misses you.
You claw Edmund! You bite Edmund.
Edmund is severely wounded.
Edmund misses you.
You scratch Edmund but do no damage. You bite Edmund.
Edmund is severely wounded.
Edmund closely misses you.
You scratch Edmund.
Edmund is severely wounded.
You scratch Edmund but do no damage.
Edmund is severely wounded.
Edmund hits you with a +4 flail of protection!
Edmund attacks as he pursues you! Edmund closely misses you.
Edmund completely misses you. The jelly completely misses you.
Edmund attacks as he pursues you! Edmund completely misses you.
Edmund hits you with a +4 flail of protection!
You die...
Edmund whines, "They better pay attention to me now!"

...........#.....#
...........#.....#
.....##....'.....#
..... #....#.....# .+
.... #....#.....# .#
.... +..[.#.....# ..#
#...###.O.##...#
#...###.@J##...##
+#####.....#.h.......#
............#.........#
............#..†......+
.....##....##...##...##
.....##....##...###+##
#.................#
#.....##..........#
#.....##..........#
#...........#######


You could see Edmund, an ogre and a jelly.

Vanquished Creatures
  5 adders
  A dart slug (D:1)
  4 orcs (D:3)
  5 ball pythons
  7 bats
  6 endoplasms
  A giant cockroach (D:1)
  9 hobgoblins
  3 jackals (D:1)
  5 quokkas
  3 frilled lizards (D:3)
  9 goblins
  5 kobolds
  4 rats
67 creatures vanquished.

Notes
Turn   | Place    | Note
-------+----------+-------------------------------------------
     0 | D:1      | Descartes the Felid Shapeshifter began the quest for the
                  | Orb.
     0 | D:1      | Reached XP level 1. HP: 10/10 MP: 2/2
     1 | D:1      | Found a runed translucent door.
    93 | D:1      | Reached skill level 3 in Dodging
   100 | D:1      | Reached XP level 2. HP: 7/14 MP: 3/3
   619 | D:1      | You fall into a shaft and drop 1 floor!
   655 | D:2      | Reached XP level 3. HP: 18/18 MP: 4/4
  1003 | D:2      | Reached skill level 4 in Dodging
  1005 | D:2      | Identified the +4 hammer of the Conjuring Augurer {heavy,
                  | rC++}
  1230 | D:2      | Found a stormy altar of Qazlal.
  1341 | D:2      | Reached XP level 4. HP: 3/22 MP: 5/5
  1457 | D:2      | Found a faded altar of an unknown god.
  1819 | D:2      | Found a runed translucent door.
  1820 | D:2      | Noticed Crazy Yiuf
  1978 | D:3      | Found a transporter.
  1981 | D:3      | Noticed Nr616's ghost (amateur MiGl)
  2092 | D:3      | Found a transporter.
  2199 | D:3      | Found Zynir's Assorted Antiques.
  2208 | D:3      | Bought a sapphire potion for 17 gold pieces
  2208 | D:3      | Bought 3 scrolls labelled NAUTTOSEYF for 57 gold pieces
  2208 | D:3      | Bought an orange potion for 17 gold pieces
  2658 | D:4      | Noticed a black bear
  2658 | D:4      | Noticed a water moccasin
  2667 | D:4      | Succumbed to a water moccasin's poison
  2718 | D:4      | Noticed an ogre
  2724 | D:4      | Slain by an ogre
  2729 | D:4      | Noticed Edmund
  2756 | D:4      | Slain by Edmund

Illustrated notes

Levels and vault maps discovered:
D:1:      dpeg_arrival_caged_fury, layout_basic, amethyst_killhole,
          dk_noncrumbling_3
D:2:      layout_basic, chequers_ecumenical_altar_grove, basic_altar,
          uniq_crazy_yiuf_cottage
D:3:      layout_basic, serial_shops, shop, gammafunk_ghost_mausoleum,
          minmay_quantized
D:4:      layout_gridville, uniq_edmund

Skill      XL: |  1  2  3 |
---------------+----------+-----
Dodging        | 3 4 |  4.8
Shapeshifting  | 3 |  3.6
Fighting       | |  1.0
Unarmed Combat | |  3.6

Action                     |  1- 3 |  4- 6 || total
---------------------------+-------+-------++-------
  Melee: Unarmed           |   102 |    78 ||   180
         Bite              |     3 |    12 ||    15
         Punch             |     2 |     2 ||     4
   Stab: Sleeping          |     3 |     3 ||     6
 Armour: Skin              |    25 |    29 ||    54
  Dodge: Dodged            |    79 |    75 ||   154

Table legend: (Time is in decaauts)
 A = Elapsed time spent in this place.
 B = Non-inter-level travel time spent in this place.
 C = Inter-level travel time spent in this place.
 D = Time resting spent in this place.
 E = Time spent auto-exploring this place.
 F = Levels seen in this place.
 G = Mean time per level.
                   A        B        C        D        E       F      G
               +--------+--------+--------+--------+--------+-----+--------+
         Total |   2743 |   2587 |    156 |      0 |   2136 |   4 |  685.8 |
       Dungeon |   2743 |   2587 |    156 |      0 |   2136 |   4 |  685.8 |
               +--------+--------+--------+--------+--------+-----+--------+

Top non-repeatable levels by time:
     D:2: 930 daAuts
     D:1: 914 daAuts
     D:3: 801 daAuts
     D:4: 97 daAuts
